 Dungeon Crawl Stone Soup version 0.30-a0-860-g512cf1e979 (webtiles) character file.

Game seed: 789877999545983356

2406192 demibob the Slayer (level 26, 192/192 HPs)
             Began as a Demonspawn Wanderer on Mar 7, 2023.
             Was the Champion of Cheibriados.
             Escaped with the Orb
             ... and 4 runes on Mar 8, 2023!
             The game lasted 02:32:56 (66327 turns).

demibob the Slayer (Demonspawn Wanderer)           Turns: 66327, Time: 02:32:56

Health: 192/192    AC: 30    Str: 31    XL:     26   Next: 94%
Magic:  26/26      EV: 30    Int: 27    God:    Cheibriados [******]
Gold:   6224       SH: 37    Dex: 41    Spells: 27/33 levels left

rFire   + + +      SeeInvis +    a - +18 lance "Wyrmbane" {slay drac, rPois rF+ rC+ AC+3}
rCold   + + +      Faith    .    u - +2 tower shield {AC+3}
rNeg    . . .      Spirit   .    k - +8 fire dragon scales
rPois   +          Reflect  +    K - +0 mask of the Dragon {Will+ Slay+3 SInv}
rElec   +          Rampage  .    (cloak unavailable)
rCorr   .          Clarity  +    c - +1 pair of gloves of Amorality {rC++ Int-2 Dex+4}
Will    +++..                    Y - +2 pair of boots {Fly}
Stlth   ++                       h - amulet of reflection
HPRegen 2.52/turn                e - ring "Enionuu" {rElec rC++ Will+ Str-3 Stlth+}
MPRegen 0.20/turn                D - ring "Zihoyb" {Fly Dex+4 Slay+3}

@: flying, studying Short Blades, very slow
A: powered by death 3, powered by pain 3, black mark, sanguine armour 3,
bedeviling, aura of silence, weakness stinger 3, hooves 1, clarity, clumsy 1,
deformed body, deterioration 1, frail 2, low MP 2, strong 1, subdued magic 1,
inability to drink after injury 1, MP-powered wands
0: Orb of Zot
}: 4/15 runes: decaying, serpentine, slimy, silver
a: Renounce Religion, Bend Time, Temporal Distortion, Slouch, Step From Time


You escaped.
You worshipped Cheibriados.
Cheibriados was exalted by your worship.
You visited 11 branches of the dungeon, and saw 55 of its levels.
You also visited: Gauntlet and Ice Cave.

You collected 9106 gold pieces.
You spent 2882 gold pieces at shops.


Innate Abilities, Weirdness & Mutations

You regenerate a lot of health from kills.
You are powered by pain.
Your melee attacks may debilitate your foes.
When seriously injured, your blood forms very thick armour. (AC +0)
Your hexes are more powerful.
You are surrounded by an aura of silence.
You have a sharp stinger which inflicts weakening toxins.
You have large cloven feet.
You possess an exceptional clarity of mind.
You are clumsy. (Dex -2)
Armour fits poorly on your strangely shaped body.
Your body sometimes deteriorates upon taking damage.
You are very frail. (-20% HP)
Your magical capacity is very low. (-20% MP)
Your muscles are strong. (Str +4, Int/Dex -1)
Your spells are a little easier to cast, but a little less powerful.
You occasionally lose the ability to drink potions when taking damage.
You expend magic power (3 MP) to strengthen your wands.


   Skills:
 + Level 26.4 Fighting
 - Level 12.0 Polearms
 - Level 9.8 Ranged Weapons
 - Level 1.7 Throwing
 + Level 17.3 Armour
 - Level 14.7 Dodging
 - Level 4.5 Stealth
 - Level 22.0 Shields
 - Level 15.9 Unarmed Combat
 - Level 4.0 Spellcasting
 - Level 6.8 Translocations
 - Level 4.0 Transmutations
 - Level 12.8 Invocations
 - Level 1.0 Evocations


You had 27 spell levels left.
You knew the following spells:

 Your Spells              Type           Power      Damage    Failure   Level
m - Manifold Assault      Tloc           32%        N/A       12%         4
w - Wereblood             Tmut           20%        N/A       5%          2

Your spell library contained the following spells:

 Spells                   Type           Power      Damage    Failure   Level
 Apportation              Tloc           64%        N/A       1%          1
 Blink                    Tloc           64%        N/A       1%          2
 Lesser Beckoning         Tloc           64%        N/A       1%          2
 Gell's Gravitas          Tloc           32%        N/A       3%          3
 Teleport Other           Tloc           32%        N/A       3%          3
 Momentum Strike          Conj/Tloc      36%        3d9       7%          2
 Passwall                 Tmut/Erth      10%        N/A       13%         2
 Portal Projectile        Hex/Tloc       54%        N/A       14%         3
 Vhi's Electric Charge    Tloc/Air       36%        N/A       14%         3
 Foxfire                  Conj/Fire      16%        2x1d4     21%         1
 Necrotise                Necr           16%        1d4       21%         1
 Sandblast                Erth           8%         2d5       21%         1
 Shock                    Conj/Air       16%        1d4       21%         1
 Summon Small Mammal      Summ           16%        N/A       21%         1
 Kindle Blastsparks       Fire/Tloc/Air  26%        2d12      24%         3
 Cigotuvi's Dreadful Rot  Necr/Pois/Air  8%         N/A       30%         2
 Ensorcelled Hibernation  Hex/Ice        12%        N/A       30%         2
 Scorch                   Fire           8%         2d5       30%         2
 Searing Ray              Conj           8%         2d4       30%         2
 Static Discharge         Conj/Air       8%         2-3/arc   30%         2
 Sublimation of Blood     Necr           4%         N/A       30%         2
 Iskenderun's Mystic Bla  Conj/Tloc      18%        2d6       45%         4
 Call Canine Familiar     Summ           4%         N/A       52%         3
 Dazzling Flash           Conj/Hex       12%        N/A       52%         3
 Frozen Ramparts          Ice            8%         1d2       52%         3
 Hailstorm                Conj/Ice       4%         3d4       52%         3
 Inner Flame              Hex/Fire       6%         N/A       52%         3
 Ozocubu's Armour         Ice            4%         N/A       52%         3
 Stone Arrow              Conj/Erth      8%         3d7       52%         3
 Summon Guardian Golem    Hex/Summ       6%         N/A       52%         3
 Swiftness                Air            4%         N/A       52%         3
 Vampiric Draining        Necr           4%         2d6       52%         3
 Ice Form                 Ice/Tmut       12%        N/A       67%         4
 Blade Hands              Tmut           10%        N/A       73%         5
 Summon Forest            Summ/Tloc      9%         N/A       82%         5
 Dispersal                Tloc           16%        N/A       89%         6
 Airstrike                Air            2%         2d(1-17)  91%         4
 Anguish                  Hex/Necr       3%         N/A       91%         4
 Animate Armour           Summ/Erth      8%         N/A       91%         4
 Animate Dead             Necr           4%         N/A       91%         4
 Dispel Undead            Necr           4%         3d7       91%         4
 Flame Wave               Conj/Fire      4%         2d5       91%         4
 Fulminant Prism          Conj/Hex       3%         3d5       91%         4
 Leda's Liquefaction      Hex/Erth       3%         N/A       91%         4
 Sticky Flame             Conj/Fire      4%         2d3       91%         4
 Summon Lightning Spire   Summ/Air       4%         N/A       91%         4
 Alistair's Intoxication  Tmut/Pois      8%         N/A       95%         5
 Irradiate                Conj/Tmut      6%         3d13      95%         5
 Yara's Violent Unravell  Hex/Tmut       9%         3d6       95%         5
 Agony                    Necr           4%         N/A       99%         5
 Arcjolt                  Conj/Air       2%         1d12      99%         5
 Borgnjor's Vile Clutch   Necr/Erth      2%         N/A       99%         5
 Fireball                 Conj/Fire      2%         3d4       99%         5
 Iskenderun's Battlesphe  Conj           4%         2d6       99%         5
 Lee's Rapid Deconstruct  Erth           2%         3d4*      99%         5
 Lightning Bolt           Conj/Air       2%         1d13      99%         5
 Metabolic Englaciation   Hex/Ice        3%         N/A       99%         5
 Summon Mana Viper        Hex/Summ       6%         N/A       99%         5
 Conjure Ball Lightning   Conj/Air       2%         3x3d6     100%        6
 Death Channel            Necr           2%         N/A       100%        6
 Eringya's Noxious Bog    Tmut/Pois      6%         N/A       100%        6
 Iron Shot                Conj/Erth      2%         9d2       100%        6
 Simulacrum               Ice/Necr       2%         N/A       100%        6
 Dragon Form              Tmut           10%        N/A       100%        7
 Haunt                    Necr/Summ      2%         N/A       100%        7
 Malign Gateway           Summ/Tloc      9%         N/A       100%        7
 Orb of Destruction       Conj           2%         9d5       100%        7
 Spellforged Servitor     Conj/Summ      2%         N/A       100%        7
 Storm Form               Tmut/Air       6%         N/A       100%        7
 Summon Hydra             Summ           2%         N/A       100%        7
 Borgnjor's Revivificati  Necr           2%         N/A       100%        8
 Discord                  Hex            3%         N/A       100%        8
 Disjunction              Tloc           16%        N/A       100%        8
 Ignition                 Fire           2%         3d3       100%        8
 Infestation              Necr           2%         N/A       100%        8
 Lehudib's Crystal Spear  Conj/Erth      2%         10d2      100%        8
 Maxwell's Capacitive Co  Air            2%         ∞         100%        8
 Necromutation            Tmut/Necr      6%         N/A       100%        8
 Summon Horrible Things   Summ           2%         N/A       100%        8
 Chain Lightning          Conj/Air       2%         3d2       100%        9
 Death's Door             Necr           2%         N/A       100%        9
 Fire Storm               Conj/Fire      2%         8d1       100%        9
 Polar Vortex             Ice            2%         N/A       100%        9
 Shatter                  Erth           2%         3d6*      100%        9

Inventory:

Hand Weapons
 a - the +18 lance "Wyrmbane" (weapon) {slay drac, rPois rF+ rC+ AC+3}
   (You bought it in a shop on level 11 of the Dungeon)

   AC:        It affects your AC (+3).
   rF:        It protects you from fire.
   rC:        It protects you from cold.
   rPois:     It protects you from poison.
 b - the +9 sling of Reinforcement {drain, rPois Int+3 Dex+3 Stlth-}
   (You found it on level 7 of the Dungeon)

   Int:       It affects your intelligence (+3).
   Dex:       It affects your dexterity (+3).
   rPois:     It protects you from poison.
   Stlth:     It makes you less stealthy.
Missiles
 d - 2 atropa-tipped darts
 t - 2 throwing nets {=f}
Armour
 c - the +1 pair of gloves of Amorality (worn) {rC++ Int-2 Dex+4}
   (You found it on level 5 of the Pits of Slime)

   Int:       It affects your intelligence (-2).
   Dex:       It affects your dexterity (+4).
   rC:        It greatly protects you from cold.
 k - +8 fire dragon scales (worn)
 u - a +2 tower shield of protection (worn)
 K - the +0 mask of the Dragon (worn) {Will+ Slay+3 SInv}
   (You found it on level 1 of the Realm of Zot)

   Slay:      It affects your accuracy & damage with ranged weapons and melee
   (+3).
   SInv:      It lets you see invisible.
   Will:      It increases your willpower.
 Y - a +2 pair of boots of flying (worn)
Jewellery
 e - the ring "Enionuu" (left hand) {rElec rC++ Will+ Str-3 Stlth+}
   (You bought it in a shop on level 3 of the Snake Pit)

   [ring of willpower]

   Str:       It affects your strength (-3).
   rC:        It greatly protects you from cold.
   rElec:     It insulates you from electricity.
   Will:      It increases your willpower.
   Stlth:     It makes you more stealthy.
 h - an amulet of reflection (around neck)
 v - a ring of see invisible
 D - the ring "Zihoyb" (right hand) {Fly Dex+4 Slay+3}
   (You found it on level 1 of the Crypt)

   [ring of flight]

   Dex:       It affects your dexterity (+4).
   Slay:      It affects your accuracy & damage with ranged weapons and melee
   (+3).
   Fly:       It grants you flight.
 E - a +5 ring of evasion
 L - the ring of Oratosyi {rElec Dex+6 Stlth+}
   (You found it on level 5 of the Pits of Slime)

   [ring of dexterity]

   Dex:       It affects your dexterity (+6).
   rElec:     It insulates you from electricity.
   Stlth:     It makes you more stealthy.
 R - a ring of resist corrosion
 T - a +4 ring of protection
 W - a ring of willpower
 Z - a ring of wizardry
Wands
 l - a wand of digging (18)
 n - a wand of flame (119)
 o - a wand of mindburst (71)
 q - a wand of charming (49)
 A - a wand of polymorph (34)
 M - a wand of roots (24)
 O - a wand of light (15)
Scrolls
 f - 28 scrolls of teleportation {@r2}
 j - 3 scrolls of magic mapping
 z - 4 scrolls of poison
 C - 3 scrolls of blinking
 F - 3 scrolls of butterflies
 G - 6 scrolls of fog
 H - 8 scrolls of vulnerability
 N - 61 scrolls of identify {@r1}
 V - 10 scrolls of fear
Potions
 m - 2 potions of cancellation
 p - 4 potions of brilliance
 r - 2 potions of resistance
 s - 4 potions of heal wounds {@q2}
 w - 2 potions of berserk rage {!q}
 x - 14 potions of attraction
 B - 3 potions of invisibility
 I - 7 potions of flight
 P - 4 potions of ambrosia
 S - 23 potions of curing {@q1}
 U - 8 potions of magic
 X - 2 potions of might
Miscellaneous
 g - a box of beasts
 i - a phantom mirror
 y - a condenser vane
 J - a phial of floods
 Q - a lightning rod (4/4)

Dungeon Overview and Level Annotations

Branches:
Dungeon (15/15)            Temple (0/1) D:4            Lair (5/5) D:8
  Swamp (4/4) Lair:2        Snake (4/4) Lair:2        Slime (5/5) Lair:5
    Orc (2/2) D:9             Elf (3/3) Orc:2        Vaults (5/5) D:14
  Crypt (3/3) Vaults:3       Tomb (0/3) Crypt:3      Depths (4/4) D:15
    Zot (5/5) Depths:4      IceCv (visited)         Gauntlet (visited)

Altars:
Cheibriados
Dithmenos
Fedhas
Kikubaaqudgha
Okawaru
Qazlal
Sif Muna
Trog
Uskayaw
Vehumet
Wu Jian
Xom
Yredelemnul
Jiyva

Shops:
D:8 (   D:9 [(   D:11 (([   Orc:2 [?=(   Elf:1 *   Elf:2 :   Snake:3 =**
Snake:4 [   Vaults:2 *   Vaults:3 (   Vaults:5 (   Depths:4 ?

Portals:
Hell: Depths:2 Depths:3 Depths:4
Abyss: Depths:3
Pandemonium: Depths:2
Ziggurat: Depths:1
Trove: Elf:3 (give 4 scrolls of blinking)

Annotations:
Lair:5 2 transporters, exclusion: oklob plant, TheSexyCheese's ghost, journeyman TrFi
Elf:1 exclusion: orange crystal statue
Elf:2 3 runed translucent doors
Depths:1 exclusion: 2 orange crystal statues
Zot:5 exclusion: orange crystal statue #...........# #PPPPPPP.PPP#

######.###..# ########...##
#.# #..# ###.## #.# #..#
#..# ##.############# ###
##.##
######...####.##..#.#####.##
#...
#........^#...#..###..#....#
####
#.####...###......###......#
# #.# ##.##
##...@..###.....# # #.#
#.### ##........#....## ##
#.# #...#
###............####. #.#
###### #####......)...(..
#)########.## ##.......#####
#...........# ####.....##
#########...### ##.#...#
#..(..####### #####.###
#.####..##..### ###...#..


There were no monsters in sight!


Message History

No target in view!
No target in view!
No target in view!
No target in view!
No target in view!
You see here a +0 heavy scythe.
A shadow demon comes into view.
You puncture the shadow demon!
You tail-slap the shadow demon, but do no damage.
The shadow demon is moderately wounded.
You puncture the shadow demon!
The shadow demon is heavily wounded.
You block the shadow demon's attack.
You impale the shadow demon!! You tail-slap the shadow demon.
You kill the shadow demon!
Cheibriados appreciates the change of pace.
No target in view!
No target in view!
No target in view!
No target in view!
No target in view!
No target in view!
No target in view!
No target in view!
No target in view!
No target in view!
No target in view!
There is a staircase leading out of the dungeon here.
You can't go down here!
You have escaped!

Skill      XL: |  1  2  3  4  5  6  7  8  9 10 11 12 13 14 15 16 17 18 19 20 21 22 23 24 25 26 |
---------------+-------------------------------------------------------------------------------+-----
Unarmed Combat | 3 4 5 6 7 9 10 12 13 15 | 15.9
Dodging        | 1 2 3 5 6 7 8 11 14 | 14.7
Ranged Weapons | 3 5 7 8 9 |  9.8
Translocations | 3 5 6 |  6.8
Invocations    | 6 7 9 12 | 12.8
Fighting       | 2 7 8 12 15 17 19 21 23 24 26 | 26.4
Armour         | 3 10 12 13 14 17 | 17.3
Spellcasting   | 3 4 |  4.0
Transmutations | 3 4 |  4.0
Polearms       | 10 12 | 12.0
Shields        | 10 15 17 18 19 21 22 | 22.0
Throwing       | |  1.7
Stealth        | |  4.5
Evocations     | |  1.0

Action                     |  1- 3 |  4- 6 |  7- 9 | 10-12 | 13-15 | 16-18 | 19-21 | 22-24 | 25-27 || total
---------------------------+-------+-------+-------+-------+-------+-------+-------+-------+-------++-------
  Melee: Dagger            |    50 |       |       |       |       |       |       |       |       ||    50
         Punch             |     1 |     4 |    25 |    32 |   155 |    68 |       |       |       ||   285
         Unarmed           |    19 |   171 |   440 |   389 |   913 |       |       |       |       ||  1932
         Tailslap          |       |    16 |    78 |    90 |   301 |   400 |   623 |   990 |   288 ||  2786
         Lance             |       |       |       |       |   319 |  1926 |  2482 |  3414 |  1255 ||  9396
         Bite              |       |       |       |       |       |       |       |   339 |   156 ||   495
   Fire: Sling             |       |       |    35 |   264 |   320 |    31 |     3 |    19 |       ||   672
   Cast: Wereblood         |       |       |       |       |       |     6 |     1 |    11 |     5 ||    23
         Manifold Assault  |       |       |       |       |       |       |       |     1 |       ||     1
 Invoke: Slouch            |       |       |       |       |     3 |     2 |    10 |     6 |     2 ||    23
         Temporal Distorti |       |       |       |       |       |       |       |     1 |       ||     1
         Step From Time    |       |       |       |       |       |       |       |       |     1 ||     1
  Evoke: Lightning rod     |       |       |       |     4 |     7 |     7 |     2 |     4 |       ||    24
         Wand              |       |       |       |     1 |     3 |       |       |     8 |     1 ||    13
         Condenser vane    |       |       |       |       |     2 |     8 |     6 |     5 |     3 ||    24
         Box of beasts     |       |       |       |       |       |       |       |     1 |       ||     1
    Use: Potion            |     4 |     3 |       |     4 |     5 |     5 |     6 |     6 |     7 ||    40
         Scroll            |       |     7 |     9 |     6 |     4 |     9 |     5 |    11 |     8 ||    59
   Stab: Sleeping          |     3 |     7 |     7 |     1 |       |    23 |    25 |    42 |     4 ||   112
         Distracted        |       |     1 |     1 |       |       |     8 |    11 |     9 |     8 ||    38
         Invisible         |       |       |       |    10 |     2 |       |       |     9 |       ||    21
         Petrified         |       |       |       |       |     6 |       |       |       |       ||     6
         Confused          |       |       |       |       |     1 |     4 |     6 |     7 |       ||    18
 Armour: Leather armour    |    13 |    31 |    34 |       |       |       |       |       |       ||    78
         Skin              |       |     7 |       |       |       |       |       |       |       ||     7
         Acid dragon scale |       |       |    23 |    54 |    11 |       |       |       |       ||    88
         Plate armour      |       |       |       |       |   364 |    85 |       |       |       ||   449
         Fire dragon scale |       |       |       |       |       |   313 |   353 |   554 |   115 ||  1335
  Dodge: Dodged            |    10 |    82 |   300 |   500 |  1180 |   719 |   705 |  1202 |   379 ||  5077
  Block: Other             |    15 |    27 |    92 |   113 |   250 |   109 |       |       |       ||   606
         Reflection        |       |     1 |     2 |     2 |     7 |    56 |   103 |    55 |    11 ||   237
         Kite shield       |       |       |       |       |       |   660 |   787 |       |       ||  1447
         Tower shield      |       |       |       |       |       |   147 |  1062 |  3909 |  1021 ||  6139

Levels and vault maps discovered:
D:1:      dpeg_arrival_arbitrary_a, layout_loops_ring, chequers_big_river,
          minmay_hedge_maze
D:2:      layout_loops_ring
D:3:      layout_basic, kiku_gazebo_pond_becter,
          dreamdust_ecumenical_altar_grove, minmay_goblin_outpost
D:4:      layout_loops_corners, temple_hall, kennysheep_generic_room_16,
          uniq_sigmund, uniq_robin, uniq_menkaure
D:5:      minmay_skewed_foursquare, layout_loops_ring,
          kennysheep_orc_sif_temple, fedhas_altar_4, enter_ossuary_3
D:6:      layout_basic, nicolae_overflow_hidden_temple, grunt_dithmenos_shadows,
          minmay_overflow_temple_star_quad, wad_floor_pattern_2, st_stairs_2
D:7:      layout_loops_ring, mainiacjoe_overflow_concentric_impassable
D:8:      layout_basic, mainiacjoe_overflow_chevrons, erik_lair_dragon,
          serial_shops, nicolae_shop_advertising_works
          [nicolae_subvault_shop_adworks], uniq_pikel, uniq_psyche,
          uniq_prince_ribbit1, uniq_gastronok
D:9:      nzn_winding_woodlands_large [nzn_winding_woodlands_hourglass,
          nzn_winding_woodlands_5x15_sawtooth,
          nzn_winding_woodlands_5x5_closed_star,
          nzn_winding_woodlands_center_garden,
          nzn_winding_woodlands_15x15_killbox,
          nzn_winding_woodlands_center_pierced_h,
          nzn_winding_woodlands_5x5_three,
          nzn_winding_woodlands_5x15_split_checker,
          nzn_winding_woodlands_5x5_perimeter], layout_basic, trog_book,
          orc_david_3, minmay_misc_feat_rows, eino_curves_03, st_stairs_4,
          uniq_grum, uniq_amaemon
D:10:     layout_basic, mainiacjoe_overflow_paths
D:11:     layout_basic, serial_shops, nicolae_stop_n_shop_1,
          nicolae_take_the_stairs, nicolae_shop_bloodbath_and_beyond
D:12:     nooodl_glass_maze, layout_basic, amethyst_killhole
D:13:     layout_irregular_city, okawaru_metal_pillars_3
D:14:     layout_basic, david_vaults_1, minmay_checkerbox
D:15:     grunt_enter_depths_snipers, layout_loops_ring,
          nicolae_qazlal_general_emergency, minmay_unpleasant_kobolds
Lair:1:   layout_regular_city, gauntlet_entry_generic,
          nicolae_quartered_pool_impasse
Lair:2:   layout_regular_city, minmay_swamp_entry_eels,
          minmay_snake_entry_six_corridors, columned_hall_lemuel,
          lemuel_centaur_altar
Lair:3:   layout_roguey, pf_torpor_hydra, lemuel_fruit_tree,
          serial_bayou_shore_a
Lair:4:   layout_small_grid, infiniplex_staircase_pool_2, serial_bayou_shore_b,
          grunt_megastairs_4
Lair:5:   evilmike_catoblepas_cave, layout_small_grid, slime_entry_1,
          nzn_ghost_randoct, ice2_lemuel, serial_bayou_shore_b, uniq_rupert
Swamp:1:  layout_basic_swamp, infiniplex_staircase_pool, swamp_pool5
Swamp:2:  layout_falls_marsh, nicolae_swamp_tree_isthmus
Swamp:3:  layout_falls_marsh, nicolae_swamp_dense_foliage, swamp_pool4,
          nicolae_swamp_bean_lake
Swamp:4:  grunt_swamp_rune_castle, layout_basic_swamp, swamp_pool2,
          nicolae_swamp_thats_no_hydra
Snake:1:  layout_honeycomb, uniq_mlioglotl
Snake:2:  layout_misc_corridors
Snake:3:  layout_onion, nicolae_specific_store, nicolae_snake_gridmaze_squiggle,
          nicolae_coiled_stairwell_down, minmay_shop_star
Snake:4:  grunt_snake_rune_serpentine_throne, layout_cave_town, serial_shops,
          nicolae_shop_window_shopping, hangedman_snake_corridor_cut
Slime:1:  cheibrodos_slime_lost_civilization_2, layout_caves
Slime:2:  layout_caves, nicolae_slime_barrier,
          cheibrodos_slime_lost_civilization_4
Slime:3:  nicolae_slime_pool, layout_caves, special_room [special_room_jelly],
          nicolae_slime_crime_time
Slime:4:  layout_caves, basic_altar
Slime:5
Orc:1:    layout_caves, basic_altar, portal_ice_cave_rime
Orc:2:    st_orc_ogre_mass, layout_caves
Elf:1:    eino_elf_arrival_customs, layout_geoelf_grid, serial_shops,
          shop_statue, evilmike_minifort, minmay_misc_feat_ornament,
          dk_noncrumbling_2, hex_medium, minivault_16, minmay_misc_feat_pillars
Elf:2:    elven_hall_of_blades_hangedman_original [nicolae_blade_little_rooms],
          layout_gridlike, serial_shops, nicolae_diamond_shop
Elf:3:    minmay_elf_hall_quartered_circle, layout_geoelf_octagon,
          nicolae_trove_entry_crossroad, uniq_aizul
Vaults:1: v_alt_pattern_2, nicolae_vaults_murderbox, nicolae_vaults_asterisk,
          vaults_room_hallway, vaults_room_stairs_pillars,
          ontoclasm_vaults_hangar, hangedman_vaults_stagger, v_misc_19,
          nicolae_vaults_little_squares_3, vaults_mumra_chevron_long,
          vaults_mumra_hex, nicolae_vaults_diagonal_hallway_6,
          hangedman_vaults_cutoff, layout_vaults_ring
Vaults:2: nicolae_vaults_mini_display_case, hangedman_vaults_maws,
          vaults_dpeg_cross, v_misc_18, ontoclasm_vaults_ring_square,
          vaults_room_hallway, vaults_mumra_minichess_inversion,
          ontoclasm_vaults_chip, v_misc_3, vaults_room_hangedman_quadrants,
          nicolae_vaults_little_squares_3, ontoclasm_vaults_loading_screen,
          layout_vaults_big_room, serial_shops, nicolae_shop_overgrown_old_shop,
          uniq_saint_roka, uniq_frederick
Vaults:3: vaults_mumra_lcd, nicolae_vaults_network_periphery,
          hangedman_vaults_pinch, v_misc_25, nicolae_vaults_sealed_display,
          vaults_dpeg_doors, ontoclasm_vaults_loading_screen,
          vaults_room_door_ring, dpeg_vaults_monster_box,
          layout_vaults_omnigrid, serial_shops, shop_fountains
Vaults:4: hangedman_vaults_locks, nicolae_vaults_ninety_degrees, v_misc_31,
          nicolae_vaults_network_square, v_pattern_4, ontoclasm_vaults_pinch,
          nicolae_vaults_ring_of_whatevers, hangedman_vaults_stretched_pinwheel,
          v_misc_3, nicolae_vaults_little_ls, v_alt_pattern_3,
          ontoclasm_vaults_bender, st_hourglassy, layout_vaults_maze,
          uniq_mennas
Vaults:5
Crypt:1:  statuecave_lemuel, layout_regular_city, amcnicky_mini_pool_small,
          grunt_ministairs_15
Crypt:2:  layout_catacombs
Crypt:3:  church_of_pain_bobbens, layout_chaotic_city, tomb_entry_shell_bobbens,
          corexii_hall_statues_i
Depths:1: layout_gridville, enter_ziggurat_c, abyss_entry, hangedman_geh_valley,
          minivault_15, minivault_16, hangedman_cracks_in_the_wall,
          grunt_megastairs_1, uniq_bai_suzhen
Depths:2: minmay_the_grid_3x3 [minmay_the_grid_medium_cups,
          minmay_the_grid_empty, minmay_the_grid_outer_circle,
          minmay_the_grid_outer_diamond, minmay_the_grid_spin_star,
          minmay_the_grid_embedded, minmay_the_grid_expand,
          minmay_the_grid_holed_spiral, minmay_the_grid_prize_diamond_cup],
          layout_basic, pan_entry, hell_entry, minmay_misc_feat_nine_boxes,
          nicolae_elyvilon_temple_path
Depths:3: evilmike_horseshoe, layout_cave_pools, hangedman_abyss_entry_splay,
          nicolae_concentric_dashed_squares_wild, lightli_too_deep
Depths:4: evilmike_zot_entry_round, layout_gridlike, grunt_hell_entry_dis_grunt,
          grunt_decor_mini_mirrors, minmay_shoptagon, uniq_parghit, uniq_boris
Zot:1:    layout_basic, chequers_guarded_unrand_mask_of_the_dragon
Zot:2:    layout_basic
Zot:3:    hangedman_snap_crack_crunch, layout_concentric_octagons
Zot:4:    kennysheep_room_grid, layout_gridlike, bh_zot_ikea_curve
Zot:5:    layout_basic, grunt_ministairs_11, guppyfry_library_mini, uniq_tiamat

Notes
Turn   | Place    | Note
-------+----------+-------------------------------------------
     0 | D:1      | demibob the Demonspawn Wanderer began the quest for the
                  | Orb.
     0 | D:1      | demibob set off with the following items: a +2 dagger, a
                  | potion of haste {@q3}, 2 scrolls of vulnerability, 13
                  | poisoned darts, a +0 dagger, a +0 leather armour.
     0 | D:1      | Reached XP level 1. HP: 15/15 MP: 1/1
   113 | D:1      | Got the Elucidation of Guile
   474 | D:1      | Gained mutation: When seriously injured, your blood forms
                  | armour. (AC +0) [demonic ancestry]
   474 | D:1      | Reached XP level 2. HP: 21/21 MP: 2/2
   918 | D:2      | Reached skill level 2 in Unarmed Combat
   971 | D:2      | Reached skill level 3 in Unarmed Combat
   971 | D:2      | Gained mutation: You sometimes gain a little power by
                  | taking damage. [demonic ancestry]
   971 | D:2      | Reached XP level 3. HP: 26/26 MP: 3/3
  1135 | D:2      | Gained mutation: You sometimes gain power by taking damage.
                  | [demonic ancestry]
  1135 | D:2      | Reached XP level 4. HP: 22/32 MP: 4/4
  1224 | D:2      | Reached skill level 4 in Unarmed Combat
  1659 | D:2      | Gained mutation: You have a small tail. [demonic ancestry]
  1659 | D:2      | Reached XP level 5. HP: 34/37 MP: 5/5
  2000 | D:2      | Identified a scroll of acquirement
  2000 | D:2      | Acquired a +0 pair of boots of rampaging
  2161 | D:3      | Found a faded altar of an unknown god.
  2194 | D:3      | Prayed at the altar of an unknown god.
  2194 | D:3      | Became a worshipper of Cheibriados the Contemplative
  2194 | D:3      | Reached * piety under Cheibriados
  2609 | D:3      | Found an ancient bone altar of Kikubaaqudgha.
  2785 | D:3      | Reached skill level 5 in Unarmed Combat
  2967 | D:4      | Noticed Sigmund
  3206 | D:4      | Killed Sigmund
  3207 | D:4      | Reached skill level 1 in Dodging
  3207 | D:4      | Reached XP level 6. HP: 26/43 MP: 6/6
  3477 | D:4      | Noticed Menkaure
  3486 | D:4      | Killed Menkaure
  3487 | D:4      | Reached skill level 2 in Dodging
  3487 | D:4      | Reached skill level 6 in Unarmed Combat
  3487 | D:4      | Gained mutation: You have a tail ending in a sharp stinger.
                  | [demonic ancestry]
  3487 | D:4      | Reached XP level 7. HP: 9/48 MP: 7/7
  3724 | D:4      | Reached ** piety under Cheibriados
  3812 | D:4      | HP: 4/48 [orc priest/nerve-wracking pain (5)]
  4235 | D:4      | Noticed Robin
  4265 | D:4      | Killed Robin
  4395 | D:4      | Reached skill level 3 in Dodging
  4746 | D:4      | Reached skill level 7 in Unarmed Combat
  4832 | D:4      | Found a staircase to the Ecumenical Temple.
  5086 | D:5      | Entered Level 5 of the Dungeon
  5285 | D:5      | Found a blossoming altar of Fedhas.
  5475 | D:5      | Gained mutation: You regenerate a little health from kills.
                  | [demonic ancestry]
  5475 | D:5      | Reached XP level 8. HP: 51/54 MP: 8/8
  5506 | D:5      | Reached skill level 4 in Dodging
  5615 | D:5      | Reached *** piety under Cheibriados
  5740 | D:5      | Found a shimmering blue altar of Sif Muna.
  5873 | D:5      | Reached skill level 8 in Unarmed Combat
  6521 | D:6      | Reached skill level 9 in Unarmed Combat
  6548 | D:6      | Reached skill level 5 in Dodging
  6558 | D:6      | Reached **** piety under Cheibriados
  6635 | D:6      | Found a hide-covered altar of Uskayaw.
  6644 | D:6      | Found a snail-covered altar of Cheibriados.
  6787 | D:6      | Found a shadowy altar of Dithmenos.
  7092 | D:6      | Found a stormy altar of Qazlal.
  7344 | D:7      | Gained mutation: You regenerate health from kills. [demonic
                  | ancestry]
  7344 | D:7      | Reached XP level 9. HP: 57/59 MP: 9/9
  7344 | D:7      | Identified the +9 sling of Reinforcement {drain, rPois
                  | Int+3 Dex+3 Stlth-}
  7417 | D:7      | Found an ornate altar of the Wu Jian Council.
  7520 | D:7      | Reached skill level 1 in Ranged Weapons
  7830 | D:8      | Noticed Gastronok
  7830 | D:8      | You are sucked into a shaft and drop 2 floors!
  7830 | D:10     | Entered Level 10 of the Dungeon
  7852 | D:10     | Reached skill level 2 in Ranged Weapons
  7859 | D:10     | Reached skill level 10 in Unarmed Combat
  7871 | D:10     | Reached skill level 6 in Dodging
  7977 | D:10     | Reached ***** piety under Cheibriados
  8104 | D:10     | Reached skill level 3 in Ranged Weapons
  8185 | D:8      | Noticed Psyche
  8196 | D:8      | Killed Psyche
  8219 | D:8      | Found a radiant altar of Vehumet.
  8263 | D:8      | Noticed Prince Ribbit
  8274 | D:8      | Killed Prince Ribbit
  8275 | D:8      | Reached XP level 10. HP: 50/65 MP: 10/10
  8382 | D:8      | Reached skill level 11 in Unarmed Combat
  8705 | D:8      | Found Usix's Antique Weapon Shoppe.
  9050 | D:8      | Killed Gastronok
  9051 | D:8      | Reached skill level 4 in Ranged Weapons
  9051 | D:8      | Reached skill level 7 in Dodging
  9247 | D:8      | Found a staircase to the Lair.
  9259 | D:8      | Reached skill level 5 in Ranged Weapons
  9300 | D:8      | Noticed Pikel
  9312 | D:8      | Killed Pikel
  9313 | D:8      | Reached skill level 12 in Unarmed Combat
  9404 | Lair:1   | Entered Level 1 of the Lair of Beasts
  9419 | Lair:1   | Noticed a death yak
  9422 | Lair:1   | Noticed a death yak
  9425 | Lair:1   | Noticed a death yak
  9436 | D:8      | Killed a death yak
  9437 | D:8      | Reached XP level 11. HP: 66/70 MP: 11/11
  9452 | Lair:1   | Killed a death yak
  9453 | Lair:1   | Reached skill level 8 in Dodging
  9466 | Lair:1   | Killed a death yak
  9483 | Lair:1   | Found a gate leading to a gauntlet.
  9492 | Gauntlet | Entered a Gauntlet
  9492 | Gauntlet | Found a transporter.
  9492 | Gauntlet | Found a transporter.
  9493 | Gauntlet | Found a transporter.
  9493 | Gauntlet | Found a transporter.
  9494 | Gauntlet | Noticed a skyshark
  9496 | Gauntlet | Found a transporter.
  9496 | Gauntlet | Found a transporter.
  9498 | Gauntlet | a skyshark changed into a redback
  9506 | Gauntlet | Found a transporter.
  9510 | Gauntlet | Found a transporter.
  9520 | Gauntlet | Found a transporter.
  9533 | Gauntlet | Noticed a cacodemon
  9567 | Gauntlet | Noticed a shock serpent
  9571 | Gauntlet | an elephant changed into a shock serpent
  9571 | Gauntlet | Noticed a shock serpent (shapeshifter)
  9578 | Gauntlet | a shock serpent changed into a cyclops
  9581 | Gauntlet | a shock serpent changed into a torpor snail
  9582 | Gauntlet | a torpor snail changed into an anaconda
  9582 | Gauntlet | Noticed an anaconda (shapeshifter)
  9586 | Gauntlet | an eye of devastation changed into a shock serpent
  9586 | Gauntlet | Noticed a shock serpent (shapeshifter)
  9595 | Gauntlet | an anaconda changed into a torpor snail
  9595 | Gauntlet | a shock serpent changed into an eye of devastation
  9622 | Gauntlet | Found a transporter.
  9626 | Gauntlet | Found a transporter.
  9640 | Gauntlet | Found a transporter.
  9682 | Gauntlet | an elephant changed into a glowing orange brain
  9682 | Gauntlet | Noticed a glowing orange brain (shapeshifter)
  9683 | Gauntlet | Noticed a deep troll
  9686 | Gauntlet | a glowing orange brain changed into a shining eye
  9686 | Gauntlet | Noticed a shining eye (shapeshifter)
  9688 | Gauntlet | a shining eye changed into a merfolk
  9710 | Gauntlet | a deep troll changed into a swamp dragon
  9710 | Gauntlet | Noticed a swamp dragon (shapeshifter)
  9716 | Gauntlet | a swamp dragon changed into a lindwurm
  9716 | Gauntlet | Noticed a lindwurm (shapeshifter)
  9737 | Gauntlet | a merfolk changed into a shock serpent
  9737 | Gauntlet | Noticed a shock serpent (shapeshifter)
  9738 | Gauntlet | Reached skill level 6 in Ranged Weapons
  9741 | Gauntlet | a shock serpent changed into a sea snake
  9741 | Gauntlet | Noticed a sea snake (shapeshifter)
  9751 | Gauntlet | a lindwurm changed into a manticore
  9767 | Gauntlet | Identified the +1 leather armour "Lyacruoxti" {rC+ rCorr
                  | Dex-4}
  9866 | Gauntlet | Reached ****** piety under Cheibriados
  9907 | Gauntlet | Identified the ring "Gacs" {+Blink Int+6 Dex+3}
  9910 | Gauntlet | Got the Octavo of the Gnat
  9922 | Gauntlet | Learned a level 4 spell: Manifold Assault
 10013 | Gauntlet | Noticed a minotaur
 10139 | Gauntlet | Killed a minotaur
 10140 | Gauntlet | Reached skill level 13 in Unarmed Combat
 10140 | Gauntlet | Reached skill level 1 in Translocations
 10151 | Gauntlet | Identified the +6 mace of Gozag, Jumping {vamp, rC+}
 10377 | Lair:1   | Reached skill level 2 in Translocations
 10474 | Lair:1   | Reached skill level 7 in Ranged Weapons
 10548 | Lair:1   | Reached skill level 3 in Translocations
 10578 | Lair:1   | Gained mutation: You have a sharp stinger which inflicts
                  | weakening toxins. [demonic ancestry]
 10578 | Lair:1   | Reached XP level 12. HP: 76/76 MP: 12/12
 11384 | Lair:2   | Found a staircase to the Swamp.
 11509 | Lair:2   | Reached skill level 14 in Unarmed Combat
 11522 | Lair:2   | Reached skill level 4 in Translocations
 11733 | Lair:2   | Found a staircase to the Snake Pit.
 11740 | Lair:2   | Reached skill level 8 in Ranged Weapons
 11946 | Lair:2   | Found a shadowy altar of Dithmenos.
 12122 | Lair:3   | Reached skill level 5 in Translocations
 12168 | Lair:3   | Found a runed translucent door.
 12380 | Lair:3   | Noticed a six-headed hydra
 12390 | Lair:3   | Killed a six-headed hydra
 12403 | Lair:3   | Reached skill level 15 in Unarmed Combat
 12836 | Lair:3   | Noticed an eight-headed hydra
 12842 | Lair:3   | Killed an eight-headed hydra
 12854 | Lair:3   | Found the +18 shield of the Gong {Loud rN+ Will+ rCorr
                  | EV-5}
 13041 | Lair:3   | Reached XP level 13. HP: 55/81 MP: 13/13
 13404 | Lair:4   | Reached skill level 6 in Translocations
 13680 | Lair:4   | Identified the +1 arbalest "Unuzeles" {elec, rElec}
 13781 | Lair:5   | Entered Level 5 of the Lair of Beasts
 13801 | Lair:5   | Reached skill level 9 in Ranged Weapons
 13850 | Lair:5   | Identified the +1 scale mail "Dicwuej" {-Tele MP+9 Int+4}
 14025 | Lair:5   | Found a transporter.
 14029 | Lair:5   | Found a transporter.
 14255 | Lair:5   | Found a staircase to the Slime Pits.
 14256 | Lair:5   | Found a viscous altar of Jiyva.
 14370 | Lair:5   | Noticed TheSexyCheese's ghost (journeyman TrFi)
 14394 | Lair:5   | Reached skill level 1 in Invocations
 14613 | Lair:5   | Reached skill level 2 in Invocations
 14619 | Lair:5   | Noticed Rupert
 14632 | Lair:5   | Killed Rupert
 14633 | Lair:5   | Reached skill level 2 in Fighting
 14646 | Lair:5   | Reached skill level 3 in Invocations
 14810 | Lair:5   | Identified the +10 plate armour "Rooraaw" {Drain rC++
                  | Dex+4}
 14980 | Lair:5   | Reached skill level 1 in Armour
 15007 | Lair:5   | Reached skill level 4 in Invocations
 15031 | Lair:5   | Reached skill level 2 in Armour
 15043 | Lair:5   | Reached skill level 5 in Invocations
 15217 | Lair:5   | Reached skill level 3 in Armour
 15324 | Lair:5   | Reached skill level 6 in Invocations
 15388 | Lair:5   | Reached XP level 14. HP: 91/91 MP: 18/18
 15847 | D:9      | Reached skill level 4 in Armour
 15853 | D:9      | Reached skill level 7 in Invocations
 16098 | D:9      | Found Tunytz's Weapon Shoppe.
 16098 | D:9      | Found a staircase to the Orcish Mines.
 16098 | D:9      | Found Nereus's Armour Shoppe.
 16098 | D:9      | Noticed Amaemon
 16136 | D:9      | Reached skill level 5 in Armour
 16411 | D:9      | Killed Amaemon
 16554 | D:9      | Reached skill level 6 in Armour
 16625 | D:9      | Reached skill level 7 in Armour
 16877 | D:9      | Noticed Grum
 16894 | D:9      | Killed Grum
 16910 | D:9      | Found a bloodstained altar of Trog.
 16968 | Orc:1    | Entered Level 1 of the Orcish Mines
 17083 | Orc:1    | Found a frozen archway.
 17107 | Orc:1    | Reached skill level 8 in Armour
 17108 | Orc:1    | Noticed an orc warlord
 17122 | Orc:1    | Killed an orc warlord
 17376 | IceCv    | Entered an ice cave
 17892 | IceCv    | Reached skill level 9 in Armour
 18200 | IceCv    | Learned a level 2 spell: Wereblood
 18272 | Orc:2    | Entered Level 2 of the Orcish Mines
 18272 | Orc:2    | Found a staircase to the Elven Halls.
 18439 | Orc:2    | Reached skill level 1 in Spellcasting
 18439 | Orc:2    | Reached skill level 1 in Transmutations
 18448 | Orc:2    | Reached skill level 2 in Spellcasting
 18448 | Orc:2    | Reached skill level 2 in Transmutations
 18463 | Orc:2    | Reached skill level 10 in Armour
 18463 | Orc:2    | Reached skill level 3 in Spellcasting
 18463 | Orc:2    | Reached skill level 3 in Transmutations
 18465 | Orc:2    | Reached XP level 15. HP: 96/96 MP: 12/20
 18484 | Orc:2    | Reached skill level 4 in Transmutations
 18497 | Orc:2    | Reached skill level 4 in Spellcasting
 18509 | Orc:2    | Found Ahusup's Magic Scroll Emporium.
 18509 | Orc:2    | Found Juwyu's Antique Armour Boutique.
 18542 | Orc:2    | Found Foirivot's Weapon Shop.
 18542 | Orc:2    | Found Woehud's Jewellery Emporium.
 18553 | Orc:2    | Bought a pair of runed boots for 240 gold pieces
 18559 | Orc:2    | Bought a scroll of teleportation for 39 gold pieces
 18559 | Orc:2    | Bought a scroll of teleportation for 39 gold pieces
 18559 | Orc:2    | Bought a scroll of teleportation for 39 gold pieces
 18559 | Orc:2    | Bought a scroll of enchant armour for 97 gold pieces
 18964 | D:10     | Found a shimmering altar of Xom.
 19303 | D:11     | Found Jehoal's Antique Weapon Shoppe.
 19382 | D:11     | Found Puymyaq's Weapon Shop.
 19400 | D:11     | Bought the +8 lance "Wyrmbane" {slay drac, rPois rF+ rC+
                  | AC+3} for 1373 gold pieces
 19400 | D:11     | Found the +8 lance "Wyrmbane" {slay drac, rPois rF+ rC+
                  | AC+3}
 19416 | D:11     | Reached skill level 1 in Polearms
 19513 | D:11     | Reached skill level 2 in Polearms
 19622 | D:11     | Reached skill level 3 in Polearms
 19743 | D:11     | Identified the +1 robe of Impermeability {rC+}
 19752 | D:11     | Found Vumentoq's Armour Boutique.
 20119 | D:12     | Reached skill level 4 in Polearms
 20942 | D:12     | Reached skill level 5 in Polearms
 21607 | D:13     | Found an iron altar of Okawaru.
 21622 | D:13     | Reached skill level 6 in Polearms
 22102 | D:14     | Reached skill level 7 in Polearms
 22475 | D:14     | Reached skill level 8 in Polearms
 22630 | D:14     | Found a gate to the Vaults.
 22778 | D:15     | Entered Level 15 of the Dungeon
 22847 | D:15     | Reached skill level 9 in Polearms
 23003 | D:15     | Found a stormy altar of Qazlal.
 23550 | D:15     | Found a staircase to the Depths.
 23550 | D:15     | Noticed a frost giant
 23561 | D:15     | Killed a frost giant
 23567 | D:15     | Reached skill level 10 in Polearms
 23967 | Snake:1  | Entered Level 1 of the Snake Pit
 23984 | Snake:1  | Reached XP level 16. HP: 72/102 MP: 22/22
 24369 | Snake:1  | Noticed Mlioglotl
 24391 | Snake:1  | Killed Mlioglotl
 24392 | Snake:1  | Reached skill level 11 in Polearms
 24584 | Snake:1  | Identified the +0 ring mail "Zigaar" {Harm *Slow Int+3
                  | Dex+4}
 25448 | Snake:1  | Reached skill level 12 in Polearms
 25538 | Snake:2  | Reached skill level 3 in Fighting
 25672 | Snake:2  | Reached skill level 4 in Fighting
 26394 | Snake:3  | Reached skill level 5 in Fighting
 26398 | Snake:3  | Reached skill level 11 in Armour
 26533 | Snake:3  | Found Bedgho's Jewellery Boutique.
 26537 | Snake:3  | Bought the ring "Enionuu" {rElec rC++ Will+ Str-3 Stlth+}
                  | for 742 gold pieces
 27084 | Snake:3  | Reached skill level 6 in Fighting
 27471 | Snake:3  | Found Xibourunn's Specific Store.
 27473 | Snake:3  | Found Tiguwuiw's General Store.
 27476 | Snake:3  | Bought a potion of heal wounds for 65 gold pieces
 27629 | Snake:4  | Entered Level 4 of the Snake Pit
 27701 | Snake:4  | Reached skill level 7 in Fighting
 27911 | Snake:4  | Reached skill level 12 in Armour
 27949 | Snake:4  | Gained mutation: When seriously injured, your blood forms
                  | thick armour. (AC +0) [demonic ancestry]
 27949 | Snake:4  | Reached XP level 17. HP: 120/120 MP: 23/23
 28325 | Snake:4  | Found Botz's Armour Emporium.
 28391 | Snake:4  | Reached skill level 1 in Shields
 28454 | Snake:4  | Reached skill level 8 in Fighting
 28579 | Snake:4  | Reached skill level 2 in Shields
 28633 | Snake:4  | Reached skill level 3 in Shields
 29596 | Snake:4  | Reached skill level 4 in Shields
 29833 | Snake:4  | Reached skill level 5 in Shields
 30019 | Snake:4  | Reached skill level 6 in Shields
 30547 | Snake:4  | Reached skill level 7 in Shields
 30835 | Snake:4  | Got a serpentine rune of Zot
 31292 | Vaults:1 | Entered Level 1 of the Vaults
 31372 | Vaults:1 | Reached skill level 8 in Shields
 31905 | Vaults:1 | Reached skill level 9 in Shields
 32363 | Vaults:1 | Identified the ring of Erghaloem {rPois rCorr Int+6}
 32417 | Vaults:1 | Reached skill level 10 in Shields
 32604 | Vaults:2 | Found Otokh's Assorted Antiques.
 32613 | Vaults:2 | Bought 2 potions of might for 248 gold pieces
 32832 | Vaults:2 | Gained mutation: You are powered by pain. [demonic
                  | ancestry]
 32832 | Vaults:2 | Reached XP level 18. HP: 125/130 MP: 21/24
 32997 | Vaults:2 | Reached skill level 11 in Shields
 33238 | Vaults:2 | Reached skill level 12 in Shields
 33491 | Vaults:2 | Identified the +0 scale mail "Soimot" {Str+4}
 33550 | Vaults:2 | Noticed Saint Roka
 33577 | Vaults:2 | Killed Saint Roka
 33578 | Vaults:2 | Reached skill level 13 in Shields
 33972 | Vaults:2 | Identified a potion of resistance
 34224 | Vaults:3 | Reached skill level 14 in Shields
 34459 | Vaults:3 | Found Xusaus Evva's Antique Weapon Shop.
 34499 | Vaults:3 | Found a staircase to the Crypt.
 35756 | Vaults:4 | Reached skill level 15 in Shields
 35820 | Vaults:4 | Reached XP level 19. HP: 123/136 MP: 25/25
 35933 | Vaults:4 | Reached skill level 9 in Fighting
 36003 | Vaults:4 | Noticed Mennas
 36181 | Vaults:4 | Reached skill level 9 in Dodging
 36206 | Vaults:4 | Killed Mennas
 36468 | Vaults:4 | Identified the +0 pair of gloves of Gravity {SInv}
 36720 | Vaults:4 | Reached skill level 10 in Fighting
 36897 | Vaults:4 | Reached skill level 10 in Dodging
 37432 | Vaults:4 | Reached skill level 11 in Fighting
 38331 | Swamp:1  | Entered Level 1 of the Swamp
 38411 | Swamp:1  | Reached skill level 11 in Dodging
 39349 | Swamp:3  | Reached skill level 12 in Fighting
 39788 | Swamp:3  | Identified the +3 long sword of Tomorrow {heavy, *Slow Fly
                  | Int+2}
 40158 | Swamp:4  | Entered Level 4 of the Swamp
 40171 | Swamp:4  | Gained mutation: Your hexes are more powerful. [demonic
                  | ancestry]
 40171 | Swamp:4  | Reached XP level 20. HP: 153/154 MP: 26/26
 40415 | Swamp:4  | Reached skill level 13 in Fighting
 40592 | Swamp:4  | Got a decaying rune of Zot
 41491 | Elf:1    | Entered Level 1 of the Elven Halls
 41511 | Elf:1    | Reached skill level 16 in Shields
 42098 | Elf:1    | Found Eraklal's General Store.
 42791 | Elf:2    | Reached skill level 14 in Fighting
 42797 | Elf:2    | Found Ziuf Xoiba's Book Emporium.
 42946 | Elf:2    | Paralysed by an air elemental for 1 turns
 42950 | Elf:2    | Paralysed by an air elemental for 1 turns
 43167 | Elf:2    | Found a runed translucent gate.
 43167 | Elf:2    | Found a runed translucent gate.
 43170 | Elf:2    | Found a runed translucent gate.
 43361 | Elf:3    | Entered Level 3 of the Elven Halls
 43594 | Elf:3    | Noticed Aizul
 43610 | Elf:3    | Killed Aizul
 43634 | Elf:3    | Found a portal to a secret trove of treasure.
 44113 | Elf:3    | Identified the +1 leather armour of Hicsam {Int+3}
 44599 | Elf:3    | Reached skill level 17 in Shields
 44781 | Elf:3    | Identified the +5 shortbow "Munnat" {speed, rC+ Str+5 Int-4
                  | Stlth+}
 44816 | Elf:3    | Identified the +1 leather armour of Grottiness {rN+ Int+3}
 44825 | Elf:3    | Reached skill level 15 in Fighting
 44832 | Elf:3    | Identified the +2 falchion of Indomitability {freeze, SInv}
 45080 | Elf:3    | Gained mutation: Your melee attacks may debilitate your
                  | foes. [demonic ancestry]
 45080 | Elf:3    | Reached XP level 21. HP: 151/163 MP: 27/27
 45126 | Elf:3    | Identified the +1 helmet of Careeb {rC+}
 45132 | Elf:3    | Got the Compendium of Hypothermia and the Shift
 45159 | Elf:3    | Identified the +4 dagger of Arcadian Optimality {freeze,
                  | rPois Will+}
 45668 | Depths:1 | Entered Level 1 of the Depths
 45956 | Depths:1 | Found a one-way gateway to a ziggurat.
 45964 | Depths:1 | Noticed Bai Suzhen
 45980 | Depths:1 | Killed Bai Suzhen
 45990 | Depths:1 | Identified the +1 ring mail of Analysis {-Tele rF+ Str+2}
 46254 | Depths:2 | Found a gateway to Hell.
 46418 | Depths:2 | Reached skill level 16 in Fighting
 46468 | Depths:2 | Noticed a juggernaut
 46507 | Depths:2 | Killed a juggernaut
 46537 | Depths:2 | Reached skill level 18 in Shields
 46614 | Depths:2 | Found a one-way gate leading to the halls of Pandemonium.
 46989 | Depths:2 | Identified the +8 battleaxe of Juuh {protect, Will++}
 47365 | Depths:2 | Identified the +1 quarterstaff of Resonant Optimality
                  | {freeze, rC+ Int+2}
 47366 | Depths:2 | Identified the ring "Figeusmi" {rN+ Int+3}
 47372 | Depths:2 | Identified the +4 leather armour of Dramatic Exits {rC++
                  | Int-4 SInv}
 47515 | Depths:2 | Reached skill level 17 in Fighting
 48321 | Depths:3 | Gained mutation: When seriously injured, your blood forms
                  | very thick armour. (AC +0) [demonic ancestry]
 48321 | Depths:3 | Reached XP level 22. HP: 147/182 MP: 21/28
 48676 | Depths:3 | Found a one-way gate to the infinite horrors of the Abyss.
 48695 | Depths:3 | You are sucked into a shaft and drop 1 floor!
 48695 | Depths:4 | Entered Level 4 of the Depths
 48695 | Depths:4 | Found a gate to the Realm of Zot.
 48795 | Depths:3 | Reached skill level 12 in Dodging
 48903 | Depths:3 | Noticed a caustic shrike
 48915 | Depths:3 | Killed a caustic shrike
 49151 | Depths:3 | Reached skill level 13 in Armour
 49590 | Vaults:5 | Entered Level 5 of the Vaults
 49667 | Vaults:4 | Reached skill level 18 in Fighting
 49885 | Vaults:5 | Reached skill level 13 in Dodging
 50147 | Vaults:5 | Identified the ring of Crawling {rF+ Str+2}
 50251 | Vaults:5 | Noticed a golden dragon
 50258 | Vaults:5 | Killed a golden dragon
 50308 | Vaults:5 | Reached skill level 19 in Fighting
 50352 | Vaults:5 | Identified the amulet "Kuym" {Spirit Fly Str+2 Int+3
                  | Slay-6}
 50396 | Vaults:5 | Noticed a golden dragon
 50403 | Vaults:5 | Killed a golden dragon
 50404 | Vaults:5 | Reached skill level 14 in Dodging
 50461 | Vaults:5 | Gained mutation: Your flesh is cold resistant. (rC+) [a
                  | shining eye]
 50500 | Vaults:5 | Noticed an ancient lich
 50519 | Vaults:5 | Killed an ancient lich
 50645 | Vaults:5 | Reached XP level 23. HP: 194/194 MP: 29/29
 50709 | Vaults:5 | Identified the +7 chain mail of the Watchman {MP+9 Int+2}
 50713 | Vaults:5 | Identified the +1 helmet of Vag Qaka {rElec Dex+3 Slay+2}
 50970 | Vaults:5 | Got a silver rune of Zot
 51291 | Vaults:5 | Noticed a dread lich
 51307 | Vaults:5 | Killed a dread lich
 51343 | Vaults:5 | Found Xemiym's Antique Weapon Emporium.
 51675 | Crypt:1  | Entered Level 1 of the Crypt
 51866 | Crypt:1  | Reached skill level 20 in Fighting
 52113 | Crypt:1  | Reached skill level 8 in Invocations
 52361 | Crypt:1  | Got the Precepts of Mortuary Conflagration
 52365 | Crypt:1  | Identified the ring "Zihoyb" {Fly Dex+4 Slay+3}
 52381 | Crypt:1  | Identified the +7 spear "Lifebane" {pain, Str+2 Int+3
                  | Dex+2}
 52536 | Crypt:1  | Noticed a curse skull
 52556 | Crypt:1  | Killed a curse skull
 52798 | Crypt:2  | Reached skill level 9 in Invocations
 52816 | Crypt:2  | Noticed a curse skull
 52824 | Crypt:2  | Killed a curse skull
 53692 | Crypt:3  | Entered Level 3 of the Crypt
 53823 | Crypt:3  | Reached skill level 19 in Shields
 54647 | Crypt:3  | Reached skill level 21 in Fighting
 54855 | Crypt:3  | Found a staircase to the Tomb.
 55208 | Crypt:3  | Found a basalt altar of Yredelemnul.
 55396 | Crypt:3  | Gained mutation: You are surrounded by an aura of silence.
                  | [demonic ancestry]
 55396 | Crypt:3  | Reached XP level 24. HP: 202/208 MP: 29/29
 55459 | Crypt:3  | Noticed a dread lich
 55471 | Crypt:3  | Killed a dread lich
 55521 | Crypt:3  | Identified the +1 lajatang "Jellyslayer" {flame, Will+}
 55582 | Crypt:3  | Got Zuos's Tome of Despair
 55730 | Crypt:3  | Found the +8 mithril axe "Arga" {speed, Will+}
 55746 | Crypt:3  | Got the Vellum of the Desert
 56390 | Slime:1  | Entered Level 1 of the Pits of Slime
 56433 | Slime:1  | Gained mutation: You occasionally shout uncontrollably at
                  | your foes. [a shining eye]
 56520 | Slime:3  | Reached skill level 20 in Shields
 56589 | Slime:5  | Entered Level 5 of the Pits of Slime
 56638 | Slime:5  | Noticed the Royal Jelly
 56663 | Slime:5  | Reached skill level 22 in Fighting
 56680 | Slime:5  | Killed the Royal Jelly
 56715 | Slime:5  | Gained mutation: You are weak. (Str -2) [a shining eye]
 56724 | Slime:5  | Identified the amulet "Mehi" {Acrobat Dex+3}
 56728 | Slime:5  | Identified the +1 trident of Deformation {venom, Int+3}
 56763 | Slime:5  | Got the Quarto of the Barracuda
 56774 | Slime:5  | Identified the +1 pair of gloves of Amorality {rC++ Int-2
                  | Dex+4}
 56776 | Slime:5  | Identified the amulet "Oshrogogye" {RegenMP rF+ rCorr}
 56781 | Slime:5  | Got Advanced Magic
 56832 | Slime:5  | Got a slimy rune of Zot
 56841 | Slime:5  | Identified the ring of Oratosyi {rElec Dex+6 Stlth+}
 56850 | Slime:5  | Identified the +8 long sword "Abehogif" {freeze, Str+3
                  | Stlth+}
 56949 | Slime:5  | Gained mutation: Your body sometimes deteriorates upon
                  | taking damage. [a shining eye]
 57067 | D:8      | Lost mutation: Your flesh is cold resistant. (rC+) [potion
                  | of mutation]
 57067 | D:8      | Lost mutation: You are weak. (Str -2) [potion of mutation]
 57067 | D:8      | Lost mutation: Your body sometimes deteriorates upon taking
                  | damage. [potion of mutation]
 57067 | D:8      | Gained mutation: You expend magic power (3 MP) to
                  | strengthen your wands. [potion of mutation]
 57067 | D:8      | Gained mutation: Your body sometimes deteriorates upon
                  | taking damage. [potion of mutation]
 57067 | D:8      | Gained mutation: You are somewhat resistant to further
                  | mutation. [potion of mutation]
 57068 | D:8      | Lost mutation: You are somewhat resistant to further
                  | mutation. [potion of mutation]
 57068 | D:8      | Lost mutation: Your body sometimes deteriorates upon taking
                  | damage. [potion of mutation]
 57068 | D:8      | Lost mutation: You expend magic power (3 MP) to strengthen
                  | your wands. [potion of mutation]
 57068 | D:8      | Gained mutation: You are strong-willed. (Will+) [potion of
                  | mutation]
 57068 | D:8      | Gained mutation: Your system is resistant to poisons.
                  | (rPois) [potion of mutation]
 57068 | D:8      | Gained mutation: You sometimes lose your temper in combat.
                  | [potion of mutation]
 57068 | D:8      | Gained mutation: Your muscles are strong. (Str +4, Int/Dex
                  | -1) [potion of mutation]
 57069 | D:8      | Lost mutation: You occasionally shout uncontrollably at
                  | your foes. [potion of mutation]
 57069 | D:8      | Lost mutation: You are strong-willed. (Will+) [potion of
                  | mutation]
 57069 | D:8      | Lost mutation: Your muscles are strong. (Str +4, Int/Dex
                  | -1) [potion of mutation]
 57069 | D:8      | Gained mutation: You are dopey. (Int -2) [potion of
                  | mutation]
 57069 | D:8      | Gained mutation: You are strong-willed. (Will+) [potion of
                  | mutation]
 57069 | D:8      | Gained mutation: You have very sharp teeth. [potion of
                  | mutation]
 57069 | D:8      | Lost mutation: You are dopey. (Int -2) [potion of mutation]
 57432 | Depths:4 | Noticed Boris
 57455 | Depths:4 | Killed Boris
 57842 | Depths:4 | Noticed Parghit
 58441 | Depths:4 | Found Qoept's Jewellery Emporium.
 58441 | Depths:4 | Found Hiwn's Magic Scroll Shoppe.
 58994 | Depths:4 | Parghit changed into Parghit the shard shrike
 58994 | Depths:4 | Noticed Parghit
 59000 | Depths:4 | Killed Parghit the shard shrike
 59363 | Zot:1    | Entered Level 1 of the Realm of Zot
 59556 | Zot:1    | Found the +0 mask of the Dragon {Will+ Slay+3 SInv}
 59584 | Zot:1    | Found a transporter.
 59608 | Zot:1    | Reached skill level 21 in Shields
 59694 | Zot:1    | Reached skill level 23 in Fighting
 60078 | Zot:1    | Identified the +3 leather armour of a bailey {rElec rPois
                  | SInv}
 60386 | Zot:1    | Identified the +5 long sword of Soesk {spect, *Corrode
                  | rPois Int+3 Stlth-}
 60536 | Zot:1    | Reached XP level 25. HP: 67/221 MP: 14/30
 60538 | Zot:1    | HP: 9/221 [golden dragon (20)]
 60946 | Zot:1    | Reached skill level 10 in Invocations
 60970 | Zot:1    | Found a transporter.
 61296 | Zot:2    | Reached skill level 11 in Invocations
 61869 | Zot:3    | Reached skill level 12 in Invocations
 61977 | Zot:3    | Noticed a dread lich
 61991 | Zot:3    | Killed a dread lich
 62072 | Zot:3    | Reached skill level 22 in Shields
 62136 | Zot:3    | Reached skill level 24 in Fighting
 62909 | Zot:4    | Reached skill level 14 in Armour
 63109 | Zot:4    | Noticed a Killer Klown
 63130 | Zot:4    | Killed a Killer Klown
 63686 | Zot:5    | Entered Level 5 of the Realm of Zot
 63802 | Zot:4    | Gained mutation: You regenerate a lot of health from kills.
                  | [demonic ancestry]
 63802 | Zot:4    | Reached XP level 26. HP: 213/233 MP: 32/32
 63910 | Zot:5    | Reached skill level 15 in Armour
 63916 | Zot:5    | Noticed an ancient lich
 63931 | Zot:5    | Killed an ancient lich
 63932 | Zot:5    | Reached skill level 25 in Fighting
 64211 | Zot:5    | Noticed an orb of fire
 64228 | Zot:5    | Gained mutation: You are frail. (-10% HP) [an orb of fire]
 64230 | Zot:5    | Killed an orb of fire
 64251 | Zot:5    | Noticed an orb of fire
 64252 | Zot:5    | Noticed an orb of fire
 64253 | Zot:5    | Gained mutation: You are clumsy. (Dex -2) [an orb of fire]
 64259 | Zot:5    | Gained mutation: Your spells are a little easier to cast,
                  | but a little less powerful. [an orb of fire]
 64266 | Zot:5    | Killed an orb of fire
 64285 | Zot:5    | Gained mutation: Your body sometimes deteriorates upon
                  | taking damage. [an orb of fire]
 64286 | Zot:5    | Killed an orb of fire
 64289 | Zot:5    | Noticed an orb of fire
 64302 | Zot:5    | Gained mutation: You occasionally shout uncontrollably at
                  | your foes. [an orb of fire]
 64305 | Zot:5    | Killed an orb of fire
 64394 | Zot:4    | Lost mutation: You occasionally shout uncontrollably at
                  | your foes. [potion of mutation]
 64394 | Zot:4    | Lost mutation: You sometimes lose your temper in combat.
                  | [potion of mutation]
 64394 | Zot:4    | Lost mutation: Your spells are a little easier to cast, but
                  | a little less powerful. [potion of mutation]
 64395 | Zot:4    | Lost mutation: You have very sharp teeth. [potion of
                  | mutation]
 64395 | Zot:4    | Lost mutation: Your system is resistant to poisons. (rPois)
                  | [potion of mutation]
 64395 | Zot:4    | Gained mutation: You expend magic power (3 MP) to
                  | strengthen your wands. [potion of mutation]
 64395 | Zot:4    | Gained mutation: Your muscles are strong. (Str +4, Int/Dex
                  | -1) [potion of mutation]
 64396 | Zot:4    | Lost mutation: You are strong-willed. (Will+) [potion of
                  | mutation]
 64396 | Zot:4    | Lost mutation: You are clumsy. (Dex -2) [potion of
                  | mutation]
 64396 | Zot:4    | Gained mutation: You have large cloven feet. [potion of
                  | mutation]
 64396 | Zot:4    | Gained mutation: Your muscles are very strong. (Str +8,
                  | Int/Dex -2) [potion of mutation]
 64396 | Zot:4    | Gained mutation: You possess an exceptional clarity of
                  | mind. [potion of mutation]
 64636 | Zot:5    | Found the +4 dragonskin cloak
 64636 | Zot:5    | Noticed Tiamat
 64637 | Zot:5    | >>oh hi
 64637 | Zot:5    | >>HI MARK
 64819 | Zot:5    | Noticed an orb of fire
 64828 | Zot:5    | Gained mutation: You occasionally lose the ability to drink
                  | potions when taking damage. [an orb of fire]
 64840 | Zot:5    | Killed an orb of fire
 64883 | Zot:5    | Noticed an orb of fire
 64893 | Zot:5    | Noticed an orb of fire
 64897 | Zot:5    | Gained mutation: Armour fits poorly on your strangely
                  | shaped body. [an orb of fire]
 64904 | Zot:5    | Gained mutation: You are clumsy. (Dex -2) [an orb of fire]
 64905 | Zot:5    | Killed an orb of fire
 64906 | Zot:5    | Reached skill level 16 in Armour
 64906 | Zot:5    | Gained mutation: Your magical capacity is low. (-10% MP)
                  | [an orb of fire]
 64907 | Zot:5    | Lost mutation: Your muscles are very strong. (Str +8,
                  | Int/Dex -2) [an orb of fire]
 64912 | Zot:5    | Gained mutation: You are very frail. (-20% HP) [an orb of
                  | fire]
 64916 | Zot:5    | Gained mutation: Your magical capacity is very low. (-20%
                  | MP) [an orb of fire]
 64925 | Zot:5    | Killed an orb of fire
 65161 | Zot:5    | Noticed an ancient lich
 65201 | Zot:5    | Killed an ancient lich
 65213 | Zot:5    | Noticed an electric golem
 65219 | Zot:5    | Noticed an ancient lich
 65236 | Zot:5    | Reached skill level 26 in Fighting
 65236 | Zot:5    | Noticed an orb of fire
 65237 | Zot:5    | Killed an electric golem
 65251 | Zot:5    | Killed an ancient lich
 65271 | Zot:5    | Gained mutation: Your spells are a little easier to cast,
                  | but a little less powerful. [an orb of fire]
 65275 | Zot:5    | Killed an orb of fire
 65292 | Zot:5    | Reached skill level 17 in Armour
 65326 | Zot:5    | Killed Tiamat
 65364 | Zot:5    | Noticed an electric golem
 65422 | Zot:5    | Killed an electric golem
 65443 | Zot:5    | Got the Orb of Zot
 65455 | Zot:5    | Noticed Idghyass the pandemonium lord
 66327 | D:$      | Escaped with the Orb!

Vanquished Creatures
  the Royal Jelly (Slime:5)
  Tiamat (Zot:5)
  3 dread liches
  4 ancient liches
  8 orbs of fire (Zot:5)
  Mennas (Vaults:4)
  A juggernaut (Depths:2)
  Boris (Depths:4)
  4 Killer Klowns
  Bai Suzhen (Depths:1)
  Saint Roka (Vaults:2)
  A shard shrike (Depths:4)
  A caustic shrike (Depths:3)
  10 golden dragons
  5 bone dragons
  2 electric golems (Zot:5)
  11 tentacled monstrosities
  Mlioglotl (Snake:1)
  28 Orb Guardians
  Rupert (Lair:5)
  3 liches
  3 titans
  A shard shrike skeleton (Crypt:3)
  A walking divine tome (Depths:3)
  A deep elf blademaster (Elf:3)
  3 deep elf master archers (Elf:3)
  6 quicksilver dragons
  Gastronok (D:8)
  4 sphinxes
  An Executioner (D:6)
  11 death cobs
  9 acid blobs (Slime:5)
  8 ancient champions
  A thorn hunter (Swamp:2)
  8 tengu reavers
  22 storm dragons
  13 shadow dragons
  3 revenants
  5 nagarajas (Snake:4)
  7 draconian monks
  8 azure jellies
  A fenstrider witch (Swamp:3)
  12 frost giants
  An iron dragon (Depths:2)
  2 rockslimes (Slime:5)
  Aizul (Elf:3)
  5 deep elf sorcerers (Elf:3)
  11 draconian knights
  10 fire giants
  19 vault wardens
  9 draconian scorchers
  2 curse skulls
  5 ghost moths
  A balrug (Depths:3)
  4 deep elf elementalists (Elf:3)
  5 quicksilver oozes
  9 draconian shifters
  A cacodemon (D:12)
  5 draconian stormcallers
  An orc warlord (Orc:1)
  2 war gargoyles
  3 ghouls (Crypt:1)
  15 ironbound preservers
  A reaper (D:1)
  A caustic shrike skeleton (Crypt:3)
  18 stone giants
  A spriggan defender (Depths:2)
  11 vampire knights
  A juggernaut skeleton (Crypt:3)
  29 very ugly things
  8 draconian annihilators
  19 dire elephants
  5 ironbound thunderhulks
  An eleionoma (Swamp:4)
  3 deep elf demonologists
  15 purple draconians
  16 black draconians
  4 deep elf annihilators
  11 yellow draconians
  14 green draconians
  19 white draconians
  A minotaur (Gauntlet)
  4 bunyips
  15 red draconians
  4 eidola
  11 ettins
  11 deep elf death magi
  2 merfolk javelineers
  7 jiangshi
  A shambling mangrove (Swamp:4)
  15 yaktaur captains
  A spriggan zombie (Crypt:1)
  7 deep elf high priests
  3 entropy weavers
  10 fire dragons
  10 great orbs of eyes
  2 salamander tyrants (Snake:4)
  A quicksilver dragon skeleton (Crypt:3)
  A hell beast (Depths:3)
  30 vault guards
  A fenstrider witch zombie (Crypt:2)
  5 ironbound frosthearts
  A peacekeeper (Vaults:3)
  3 catoblepae (Lair:5)
  15 hydras
  11 ice dragons
  7 ogre magi
  3 death knights
  3 spriggan skeletons (Crypt:3)
  An Orb Guardian zombie (Crypt:3)
  6 rakshasas
  A two-headed ogre (shapeshifter) (Elf:1)
  2 ghost crabs
  11 alligators
  23 anacondas
  15 dancing weapons
  5 boulder beetles
  2 centaur warriors
  7 tengu warriors
  21 two-headed ogres
  6 deep troll shamans
  12 naga warriors
  10 deep troll earth magi
  13 death yaks
  7 vampire magi
  8 naga sharpshooters
  2 orc high priests
  A titan zombie (Crypt:1)
  An emperor scorpion zombie (Crypt:3)
  6 shock serpents
  7 deep elf knights
  A sun demon (D:1)
  4 spriggan berserkers
  7 hell knights (Depths:2)
  8 iron trolls
  5 soul eaters
  A storm dragon zombie (Zot:3)
  A shadow wraith (Vaults:5)
  A titan skeleton (Crypt:3)
  Amaemon (D:9)
  4 goliath frogs
  3 salamander mystics
  2 sixfirhies (D:12)
  50 skeletal warriors
  7 spriggan druids
  2 death drakes (Zot:3)
  61 deep trolls
  3 glowing orange brains
  A golden dragon zombie (Crypt:1)
  2 flayed ghosts
  14 swamp dragons
  16 phantasmal warriors
  A shadow demon (D:1)
  9 naga ritualists
  2 golden dragon skeletons
  6 orc knights
  An orange crystal statue (Crypt:1)
  7 wizards
  A swamp dragon (shapeshifter) (Vaults:5)
  6 lindwurms
  Pikel (D:8)
  15 bog bodies
  12 deep elf archers
  3 harpies (Vaults:1)
  2 anaconda skeletons (Crypt:3)
  15 mana vipers
  7 necromancers
  22 deep elf pyromancers
  14 deep elf zephyrmancers
  23 ironbound convokers
  43 ugly things
  A jorogumo zombie (Crypt:3)
  2 orc sorcerers
  A wolf spider (D:9)
  A jorogumo skeleton (Crypt:3)
  4 cyclopes
  A manticore (shapeshifter) (Vaults:5)
  10 salamanders
  6 manticores
  2 large abominations (Gauntlet)
  5 shining eyes
  27 moths of wrath
  3 will-o-the-wisps
  A shining eye (shapeshifter) (Vaults:5)
  15 elephants
  10 guardian serpents
  A fire giant skeleton (Crypt:3)
  47 black mambas
  An eye of devastation (shapeshifter) (Vaults:5)
  3 ice statues
  2 iron dragon skeletons (Crypt:3)
  A titan simulacrum (Crypt:2)
  An elephant (shapeshifter) (Depths:2)
  A demonic crawler (Zot:1)
  14 vault sentinels
  12 naga magi
  4 smoke demons
  2 orange demons
  2 gargoyles (D:14)
  An eye of devastation (Slime:4)
  9 cane toads
  3 centaur skeletons (Crypt:3)
  A torpor snail (Lair:3)
  A dire elephant skeleton (Crypt:3)
  24 yaktaurs
  Psyche (D:8)
  A kobold demonologist (D:13)
  A tormentor (Depths:2)
  A sea snake zombie (Crypt:3)
  8 rime drakes
  An ice devil (Lair:5)
  An efreet (D:14)
  2 purple draconian skeletons (Crypt:2)
  8 komodo dragons
  A black draconian skeleton (Crypt:2)
  5 freezing wraiths
  3 tengu conjurers
  15 trolls
  A bloated husk (Swamp:1)
  6 guardian mummies (Crypt:3)
  2 harpy zombies
  2 polar bears (Lair:5)
  4 hellwings
  A death drake zombie (Crypt:1)
  11 hornets
  Prince Ribbit (D:8)
  11 tyrant leeches
  A merfolk (shapeshifter) (Vaults:4)
  A moth of wrath zombie (Zot:3)
  A guardian serpent zombie (Crypt:2)
  A hydra skeleton (Crypt:1)
  A mana viper skeleton (Crypt:1)
  A tarantella (Vaults:2)
  11 blink frogs (Lair:1)
  A jumping spider (Vaults:1)
  A centaur simulacrum (D:14)
  An ettin skeleton (Crypt:3)
  43 slime creatures
  5 small abominations (Gauntlet)
  A satyr skeleton (Crypt:3)
  9 flying skulls (Crypt:3)
  8 shadows
  Sigmund (D:4)
  A culicivora (shapeshifter) (Vaults:5)
  A black mamba zombie (Crypt:2)
  2 ice dragon skeletons
  A vampire (D:12)
  51 yaks
  10 spriggans
  8 water elementals
  3 air elementals
  7 wraiths
  5 wyverns
  A black mamba skeleton (Crypt:3)
  5 golden eyes (Slime:1)
  4 basilisks
  7 vampire mosquitoes
  A golden eye (shapeshifter) (Vaults:5)
  Grum (D:9)
  A steam dragon (D:8)
  A fire elemental (Elf:1)
  4 redbacks
  7 wargs
  Menkaure (D:4)
  13 swamp worms
  A harpy simulacrum (Crypt:1)
  A demonspawn skeleton (Crypt:2)
  17 water moccasins
  24 nagas
  A floating eye (shapeshifter) (Depths:3)
  2 acid dragons
  37 orc warriors
  11 swamp drakes
  4 black bears
  6 ice beasts
  5 boggarts (D:15)
  11 wolves
  25 ogres
  8 centaurs
  4 lemures (D:8)
  A snapping turtle skeleton (Crypt:1)
  7 kobold brigands
  7 bullfrogs
  An earth elemental (Elf:1)
  3 gnoll sergeants
  8 scorpions
  6 wights
  2 wyvern skeletons
  9 killer bees
  3 lindwurm simulacra (IceCv)
  A raiju zombie (Crypt:1)
  A yak skeleton (Crypt:2)
  6 electric eels
  8 howler monkeys
  14 orc priests
  4 hounds
  4 komodo dragon simulacra (IceCv)
  A gnoll bouda (D:6)
  2 iguanas
  18 orc wizards
  3 sleepcaps
  4 hell rats (Lair:1)
  A howler monkey zombie (Crypt:2)
  Robin (D:4)
  9 adders
  23 gnolls
  7 acid dragon simulacra (IceCv)
  2 shadow imps
  A white imp (D:6)
  7 steam dragon simulacra (IceCv)
  An ufetubus (D:7)
  3 worms
  2 dart slugs (D:3)
  94 orcs
  7 ball pythons
  7 bats
  3 endoplasms
  7 giant cockroaches
  18 goblins
  4 hobgoblins
  26 kobolds
  A kobold zombie (D:5)
  3 rats
  A rat zombie (D:5)
2268 creatures vanquished.

Vanquished Creatures (others)
  A kraken (Swamp:4)
  A frost giant (Depths:2)
  A mummy priest (Crypt:3)
  A hydra (Swamp:4)
  A rakshasa (Depths:2)
  A deep elf knight (Elf:3)
  A skeletal warrior (Crypt:3)
  A swamp dragon (Swamp:4)
  A deep elf pyromancer (Elf:3)
  2 bloated husks
  A tyrant leech (Swamp:1)
  A spriggan (Swamp:3)
  An orc warrior (Vaults:5)
  An orc (D:10)
  10 foxfires
  49 fungi
  53 plants
  4 tentacles (Swamp:4)
  14 withered plants (Gauntlet)
145 creatures vanquished.

Grand Total: 2413 creatures vanquished

Table legend: (Time is in decaauts)
 A = Elapsed time spent in this place.
 B = Non-inter-level travel time spent in this place.
 C = Inter-level travel time spent in this place.
 D = Time resting spent in this place.
 E = Time spent auto-exploring this place.
 F = Levels seen in this place.
 G = Mean time per level.
                   A        B        C        D        E       F      G
               +--------+--------+--------+--------+--------+-----+--------+
         Total |  98232 |  85479 |  12753 |   5306 |  63252 |  57 | 1723.4 |
       Dungeon |  27089 |  20866 |   6223 |    663 |  17074 |  15 | 1805.9 |
          Lair |   9664 |   8331 |   1333 |    494 |   6449 |   5 | 1932.8 |
         Swamp |   4514 |   4168 |    346 |    121 |   3273 |   4 | 1128.5 |
     Snake Pit |   9451 |   8444 |   1007 |    647 |   6378 |   4 | 2362.8 |
    Slime Pits |    749 |    634 |    115 |     32 |    186 |   5 |  149.8 |
  Orcish Mines |   1939 |   1766 |    173 |      0 |   1474 |   2 |  969.5 |
   Elven Halls |   5884 |   5588 |    296 |    715 |   3863 |   3 | 1961.3 |
        Vaults |  13421 |  11905 |   1516 |    546 |   9097 |   5 | 2684.2 |
         Crypt |   5817 |   5620 |    197 |    321 |   4048 |   3 | 1939.0 |
        Depths |   7866 |   7166 |    700 |    361 |   4513 |   4 | 1966.5 |
           Zot |   9491 |   8648 |    843 |    783 |   5887 |   5 | 1898.2 |
      Ice Cave |   1180 |   1180 |      0 |    367 |    552 |   1 | 1180.0 |
      Gauntlet |   1160 |   1160 |      0 |    254 |    456 |   1 | 1160.0 |
               +--------+--------+--------+--------+--------+-----+--------+

Top non-repeatable levels by time:
     D:8: 3686 daAuts
Vaults:4: 3661 daAuts
    D:12: 3180 daAuts
 Snake:4: 3169 daAuts
  Lair:5: 2849 daAuts
   Zot:1: 2782 daAuts
 Crypt:3: 2751 daAuts
   Elf:3: 2750 daAuts
Depths:2: 2741 daAuts
Vaults:3: 2734 daAuts
Depths:4: 2492 daAuts
Vaults:5: 2481 daAuts
 Snake:3: 2469 daAuts
 Snake:1: 2445 daAuts
     D:4: 2405 daAuts

Table legend:
 A = Non-vault XP
 B = Vault XP
 C = Vault XP percentage of total XP
 D = Non-vault monster count
 E = Vault monster count
 F = Vault count percentage of total count
                 A         B        C        D         E       F
            +---------+---------+-------+---------+---------+-------
      Total |  733928 |  735919 |  50.1 |    1363 |     881 |  39.3
            +---------+---------+-------+---------+---------+-------
        D:1 |      12 |       0 |   0.0 |       7 |       0 |   0.0
        D:2 |     210 |       0 |   0.0 |      30 |       0 |   0.0
        D:3 |      74 |       7 |   8.6 |      21 |       4 |  16.0
        D:4 |     316 |     485 |  60.5 |      25 |      15 |  37.5
        D:5 |     700 |     299 |  29.9 |      21 |       9 |  30.0
        D:6 |     626 |      46 |   6.8 |      17 |       2 |  10.5
        D:7 |     803 |       0 |   0.0 |      23 |       0 |   0.0
        D:8 |    1803 |    4322 |  70.6 |      24 |      10 |  29.4
        D:9 |    1054 |   14403 |  93.2 |      10 |      61 |  85.9
       D:10 |    1279 |       0 |   0.0 |      19 |       0 |   0.0
       D:11 |    5367 |       0 |   0.0 |      26 |       0 |   0.0
       D:12 |    4892 |    1306 |  21.1 |      16 |       4 |  20.0
       D:13 |    5699 |       0 |   0.0 |      14 |       0 |   0.0
       D:14 |   11782 |    3758 |  24.2 |      25 |       8 |  24.2
       D:15 |    7708 |    3058 |  28.4 |      20 |       9 |  31.0
     Lair:1 |    8184 |       0 |   0.0 |      34 |       0 |   0.0
     Lair:2 |    5641 |    2081 |  26.9 |      17 |      13 |  43.3
     Lair:3 |    6671 |    1245 |  15.7 |      29 |       2 |   6.5
     Lair:4 |    2272 |       0 |   0.0 |       5 |       0 |   0.0
     Lair:5 |   10422 |   13809 |  57.0 |      25 |      32 |  56.1
    Swamp:1 |    9860 |     406 |   4.0 |      21 |       3 |  12.5
    Swamp:2 |   10689 |       0 |   0.0 |      17 |       0 |   0.0
    Swamp:3 |   13462 |       0 |   0.0 |      29 |       0 |   0.0
    Swamp:4 |   15421 |   20345 |  56.9 |      31 |      34 |  52.3
    Snake:1 |   20236 |    1779 |   8.1 |      39 |       1 |   2.5
    Snake:2 |   11798 |       0 |   0.0 |      22 |       0 |   0.0
    Snake:3 |   17407 |     849 |   4.7 |      34 |       1 |   2.9
    Snake:4 |   18853 |   35696 |  65.4 |      36 |      52 |  59.1
    Slime:1 |    3986 |       0 |   0.0 |      11 |       0 |   0.0
    Slime:3 |    3725 |       0 |   0.0 |       6 |       0 |   0.0
    Slime:4 |    4316 |       0 |   0.0 |      13 |       0 |   0.0
    Slime:5 |    4476 |   23505 |  84.0 |       4 |      16 |  80.0
      Orc:1 |    4239 |     716 |  14.5 |      28 |       2 |   6.7
      Orc:2 |    3245 |   17441 |  84.3 |      36 |      39 |  52.0
      Elf:1 |    7908 |   13126 |  62.4 |      17 |      21 |  55.3
      Elf:2 |    8947 |    1662 |  15.7 |      15 |       2 |  11.8
      Elf:3 |   17342 |   28394 |  62.1 |      28 |      24 |  46.2
   Vaults:1 |   11867 |   14866 |  55.6 |      16 |      23 |  59.0
   Vaults:2 |   29095 |   22972 |  44.1 |      40 |      38 |  48.7
   Vaults:3 |   10926 |   17727 |  61.9 |      14 |      22 |  61.1
   Vaults:4 |   45701 |   49434 |  52.0 |      70 |      51 |  42.1
   Vaults:5 |   11413 |  102460 |  90.0 |      23 |      91 |  79.8
    Crypt:1 |   24168 |    2933 |  10.8 |      38 |       3 |   7.3
    Crypt:2 |   24850 |       0 |   0.0 |      37 |       0 |   0.0
    Crypt:3 |   29154 |   60599 |  67.5 |      38 |      75 |  66.4
   Depths:1 |   16999 |    6655 |  28.1 |      20 |       5 |  20.0
   Depths:2 |   45747 |   35815 |  43.9 |      54 |      34 |  38.6
   Depths:3 |   24987 |   15270 |  37.9 |      31 |      14 |  31.1
   Depths:4 |   22176 |   19666 |  47.0 |      25 |      14 |  35.9
      Zot:1 |   46264 |   22115 |  32.3 |      42 |      17 |  28.8
      Zot:2 |   44681 |       0 |   0.0 |      42 |       0 |   0.0
      Zot:3 |   33917 |   26252 |  43.6 |      32 |      18 |  36.0
      Zot:4 |   24975 |   26573 |  51.6 |      18 |      19 |  51.4
      Zot:5 |   35583 |  116758 |  76.6 |      28 |      54 |  65.9
      IceCv |       0 |    3906 | 100.0 |       0 |      28 | 100.0
   Gauntlet |       0 |    3180 | 100.0 |       0 |      11 | 100.0
            +---------+---------+-------+---------+---------+-------
